 Dungeon Crawl Stone Soup version 0.27.1-1-g398f81649c (webtiles) character file.

Game seed: 4219409152699822620

21 styxcanada the Sneak (level 2, -7/15 HPs)
             Began as a Spriggan Brigand on Sept 21, 2021.
             Killed by divine providence
             ... invoked by an orc priest
              (14 damage)
             ... on level 3 of the Dungeon.
             The game lasted 00:04:25 (1149 turns).

styxcanada the Sneak (Spriggan Brigand)             Turns: 1149, Time: 00:04:26

Health: -7/15      AC:  3    Str:  7    XL:     2   Next: 62%
Magic:  3/3        EV: 16    Int: 12    God:
Gold:   23         SH:  0    Dex: 16    Spells: 1/1 levels left

rFire    . . .     SeeInvis +   a - +2 dagger
rCold    . . .     Faith    .   (shield restricted)
rNeg     . . .     Spirit   .   b - +0 robe
rPois    .         Reflect  .   (helmet restricted)
rElec    .         Harm     .   c - +0 cloak
rCorr    .         Rampage  .   (gloves unavailable)
Will     .....                  (boots unavailable)
Stlth    +++.......             (no amulet)
HPRegen  0.05/turn              (no ring)
MPRegen  0.08/turn              (no ring)

@: very quick
A: very small, no large weapons, unfitting armour, see invisible, speed 3
a: no special abilities


You were on level 3 of the Dungeon.
You visited 1 branch of the dungeon, and saw 3 of its levels.

You collected 23 gold pieces.

Inventory:

Hand Weapons
 a - a +2 dagger (weapon)
 i - a +0 hunting sling
Missiles
 d - 20 poisoned darts (quivered)
 e - 2 curare-tipped darts
 f - 31 stones
 l - 2 datura-tipped darts
Armour
 b - a +0 robe (worn)
 c - a +0 cloak (worn)
Potions
 g - 2 potions of lignification
 h - a potion of curing {unknown}
 j - 4 potions of heal wounds {unknown}
 m - a potion of mutation {unknown}
 n - a potion of cancellation {unknown}


   Skills:
 * Level 1.8 Fighting
 + Level 2.2 Short Blades
 + Level 2.0 Throwing
 * Level 1.7 Dodging
 * Level 6.8 Stealth


You had one spell level left.
You didn't know any spells.
Your spell library contained the following spells:

 Spells                   Type           Power      Damage    Failure   Level
 Alistair's Intoxication  Tmut/Pois      0%         N/A       100%        5
 Borgnjor's Vile Clutch   Necr/Erth      0%         N/A       100%        5
 Eringya's Noxious Bog    Tmut/Pois      0%         N/A       100%        6


Dungeon Overview and Level Annotations

Branches:
Dungeon (2/15)

Altars:
Fedhas


Innate Abilities, Weirdness & Mutations

You are very small and have problems with some larger weapons.
You are too small for most types of armour.
You have supernaturally acute eyesight. (SInv)
You cover ground extremely quickly. (Speed+++)


Message History

Press: ? - help, Q - select action, (/) - cycle Shift-Dir - straight line, f - orc priest, p - orc
Aim: an orc priest, wielding a +0 short sword (60% to hit)
You throw a poisoned dart. The poisoned dart hits the orc.
The orc looks even sicker.
The orc is heavily wounded.
You kill the orc!
Found an escape hatch in the ceiling.
Throw: 25 darts (poison)
Press: ? - help, Q - select action, (/) - cycle Shift-Dir - straight line, f/p - orc priest
Aim: an orc priest, wielding a +0 short sword (60% to hit)
You throw a poisoned dart.
The poisoned dart closely misses the orc priest.
Throw: 24 darts (poison)
Press: ? - help, Q - select action, (/) - cycle Shift-Dir - straight line, f/p - orc priest
Aim: an orc priest, wielding a +0 short sword (60% to hit)
You throw a poisoned dart.
The poisoned dart closely misses the orc priest.
There is an escape hatch in the ceiling here.
Throw: 23 darts (poison)
Press: ? - help, Q - select action, (/) - cycle Shift-Dir - straight line, f/p - orc priest
Aim: an orc priest, wielding a +0 short sword (60% to hit)
You throw a poisoned dart. The poisoned dart hits the orc priest.
The orc priest is poisoned.
The orc priest calls down the wrath of Beogh upon you.
Pain shoots through your body!
Throw: 22 darts (poison)
Press: ? - help, Q - select action, (/) - cycle Shift-Dir - straight line, f/p - orc priest
Aim: an orc priest, wielding a +0 short sword (lightly wounded, poisoned, 60% to hit)
You throw a poisoned dart. The poisoned dart hits the orc priest!
The orc priest looks even sicker.
The orc priest is lightly wounded.
Throw: 21 darts (poison)
Press: ? - help, Q - select action, (/) - cycle Shift-Dir - straight line, f/p - orc priest
Aim: an orc priest, wielding a +0 short sword (moderately wounded, very poisoned, 60% to hit)
You throw a poisoned dart.
The poisoned dart closely misses the orc priest.
The orc priest invokes the aid of Beogh against you.
Beogh smites you!
Ouch! That really hurt!
You die...

#(#
#####.#
#...o.#
#)#####
#(####
#....#
#.##.#
#######(#
#...@.o(#
#.#######


You could see an orc priest (very poisoned).

Vanquished Creatures
  2 orcs (D:3)
  2 bats
  An endoplasm (D:2)
  A giant cockroach (D:1)
  2 goblins (D:1)
  2 hobgoblins (D:1)
  2 kobolds (D:1)
  A quokka (D:1)
  2 frilled lizards (D:1)
  A rat (D:1)
16 creatures vanquished.

Notes
Turn   | Place    | Note
-------+----------+-------------------------------------------
     0 | D:1      | styxcanada the Spriggan Brigand began the quest for the
                  | Orb.
     0 | D:1      | Reached XP level 1. HP: 10/10 MP: 2/2
   218 | D:1      | Reached skill level 6 in Stealth
   698 | D:1      | Reached XP level 2. HP: 12/15 MP: 3/3
  1100 | D:2      | You fall into a shaft and drop 1 floor!
  1100 | D:3      | Found a blossoming altar of Fedhas.
  1149 | D:3      | Killed from afar by an orc priest

Illustrated notes

Levels and vault maps discovered:
D:1:      onia_arrival_pyramid, layout_basic
D:2:      layout_basic
D:3:      layout_basic, nicolae_overflow_crystal_walls,
          nzn_wu_jian_contemplation, fedhas_altar_1

Skill      XL: |  1 |
---------------+----+-----
Stealth        | 6 |  6.8
Fighting       | |  1.8
Short Blades   | |  2.2
Throwing       | |  2.0
Dodging        | |  1.7

Action                   || total
-------------------------++-------
Melee: Dagger            ||    27
Throw: Dart              ||    22
  Use: Scroll            ||     2
 Stab: Sleeping          ||     4
Armor: Robe              ||     4
Dodge: Dodged            ||    17
